 Dungeon Crawl Stone Soup version 0.20.1-1-g8b1a95d (webtiles) character file.

82 Irenicus the Slasher (level 4, -7/31 HPs)
             Began as an Octopode Chaos Knight on Oct 13, 2017.
             Mangled by a gnoll
             ... wielding a +0 flail of holy wrath
              (15 damage)
             ... on level 3 of the Dungeon.
             The game lasted 00:02:53 (2125 turns).

Irenicus the Slasher (Octopode Chaos Knight)        Turns: 2125, Time: 00:02:54

Health: -7/31      AC:  1    Str: 11    XL:     4   Next: 43%
Magic:  4/4        EV: 13    Int: 14    God:    Xom [......]
Gold:   122        SH:  0    Dex: 12    Spells: 3/3 levels left

rFire    . . .     SeeInvis .   a - +0 falchion (chaos)
rCold    . . .     Gourm    .   (no shield)
rNeg     . . .     Faith    +   (helmet restricted)
rPois    .         Spirit   .   q - amulet of faith
rElec    .         Reflect  .   (no ring)
rCorr    .         Harm     .   (no ring)
MR       .....                  (no ring)
Stlth    ++........             (no ring)
Regen    0.1/turn               (no ring)
MPRegen  0.1/turn               (no ring)
                                (no ring)
                                (no ring)

@: confused
A: almost no armour, stealthy swim, amphibious, 8 rings, constrict 8, camouflage
1, deterioration 2, screaming 1, gelatinous body 1
a: Renounce Religion


You were on level 3 of the Dungeon.
You worshipped Xom.
You were a very special plaything of Xom.
You were not hungry.

You visited 1 branch of the dungeon, and saw 3 of its levels.

You collected 122 gold pieces.

Inventory:

Hand Weapons
 a - a +0 falchion of chaos (weapon)
Jewellery
 i - an uncursed amulet of magic regeneration
 q - an amulet of faith (around mantle)
Wands
 p - a wand of digging (15/24)
 t - a wand of iceblast (5/15)
Scrolls
 d - 2 scrolls of teleportation {unknown}
 e - a scroll of remove curse {unknown}
 f - a scroll of amnesia {unknown}
 g - a scroll of random uselessness {unknown}
 h - a scroll of noise {unknown}
 k - 2 scrolls of fog {unknown}
 n - a scroll of enchant weapon {unknown}
 r - a scroll of identify {unknown}
 s - a scroll of blinking {unknown}
Potions
 j - a potion of lignification {unknown}
 l - a potion of brilliance {unknown}
 m - a potion of curing {unknown}
 o - 2 potions of flight {unknown}
Books
 u - a book of Minor Magic

   Spells                             Type                      Level
   a - Magic Dart                     Conjuration                  1
   b - Blink                          Translocation                2
   c - Call Imp                       Summoning                    2
   d - Slow                           Hexes                        2
   e - Conjure Flame                  Conjuration/Fire             3
   f - Mephitic Cloud                 Conjuration/Poison/Air       3
Comestibles
 b - 2 bread rations
 c - a meat ration


   Skills:
 - Level 3.0 Fighting
 + Level 5.1 Long Blades
 - Level 2.3 Dodging


You had 3 spell levels left.
You didn't know any spells.

Dungeon Overview and Level Annotations

Branches:
Dungeon (3/15)

Altars:


Innate Abilities, Weirdness & Mutations

You cannot wear most types of armour.
You are very stealthy in the water. (Stealth+)
You are amphibious.
You can wear up to eight rings at the same time.
You can use your tentacles to constrict eight enemies at once.
Your skin changes colour to match your surroundings (Stealth+).
Your rubbery body absorbs attacks. (AC +1, EV +1)
Your body often deteriorates upon taking damage.
You occasionally shout uncontrollably at your foes.


Message History

Some monsters swap places.
You are now a very special plaything of Xom.
A giant cockroach comes into view. "Let me alter your body."
Your body is suffused with distortional energy.
You feel yourself wasting away.
You feel your body start to fall apart.
You feel the urge to shout. The giant cockroach closely misses you.
An ooze comes into view.
The giant cockroach completely misses you.
You riposte.
You hit the giant cockroach. You burn the giant cockroach.
You kill the giant cockroach!
Found 24 arrows.
Xom's power touches on your mind for a moment.
You are confused.
The ooze looks rather confused.
You bump into the rock wall.
The gnoll hits you with a flail of holy wrath!
You die...
Xom chortles!

##.......## #.........#
+.........+ #.........
#.....J. #.....
#...####.## # #..@..(..#
###.##########.g#####.#
........#)..##..# .#
#.........##.g#####.####
#####.#.g.##...#........
#)##.##.........#
#####.##g###...#g####
......##.# ##.##.#
##...####.##.#


You could see 2 gnolls and an ooze (confused).

Vanquished Creatures
  A gnoll (D:3)
  An adder (D:2)
  2 oozes
  2 dart slugs
  A ball python (D:1)
  4 bats
  5 giant cockroaches
  8 goblins
  4 hobgoblins
  2 frilled lizards
  9 kobolds
  8 rats
47 creatures vanquished.

Notes
Turn   | Place    | Note
-------+----------+-------------------------------------------
     0 | D:1      | Irenicus the Octopode Chaos Knight began the quest for the Orb.
     0 | D:1      | Reached XP level 1. HP: 16/16 MP: 1/1
   130 | D:1      | XOM: butterfly on damage
   132 | D:1      | Reached XP level 2. HP: 10/21 MP: 2/2
   390 | D:1      | Reached skill level 4 in Long Blades
   657 | D:1      | Reached XP level 3. HP: 24/26 MP: 3/3
   668 | D:1      | XOM: cloud trail
   780 | D:1      | XOM: silly message
  1539 | D:2      | XOM: noise
  1592 | D:2      | Reached XP level 4. HP: 23/31 MP: 4/4
  1630 | D:2      | XOM: summons 1 hostile shadow creature
  2093 | D:3      | XOM: harmless Erth miscast
  2096 | D:3      | Reached skill level 5 in Long Blades
  2107 | D:3      | XOM: swap monsters
  2116 | D:3      | XOM: give mutations
  2116 | D:3      | Gained mutation: Your body sometimes deteriorates upon taking damage. [Xom's mischief]
  2116 | D:3      | Gained mutation: Your body often deteriorates upon taking damage. [Xom's mischief]
  2116 | D:3      | Gained mutation: You occasionally shout uncontrollably at your foes. [Xom's mischief]
  2124 | D:3      | XOM: confusion (+ monsters)
  2125 | D:3      | Mangled by a gnoll

Skill      XL: |  1  2  3  4 |
---------------+-------------+-----
Long Blades    | 4 5 |  5.1
Fighting       | |  3.0
Dodging        | |  2.3

Action                   |  1- 3 |  4- 6 || total
-------------------------+-------+-------++-------
Melee: Falchion          |    64 |    30 ||    94
       Tentacles         |     7 |     8 ||    15
       Constrict         |    16 |    12 ||    28
 Stab: Sleeping          |     9 |     1 ||    10
  Eat: Chunk             |     2 |     2 ||     4
Armor: Skin              |     3 |     2 ||     5
Dodge: Dodged            |    27 |    20 ||    47
       Rpst.: Falchion   |     6 |     6 ||    12
